 Dungeon Crawl Stone Soup version 0.27.0-1-g7a089689b8 (webtiles) character file.

Game seed: 9792561445247204320

2 SnakkuSnakku7 the Skirmisher (level 1, -4/24 HPs)
             Began as an Ogre Delver on Aug 7, 2021.
             Slain by a hound (5 damage)
             ... on level 6 of the Dungeon.
             The game lasted 00:01:16 (172 turns).

SnakkuSnakku7 the Skirmisher (Ogre Delver)           Turns: 172, Time: 00:01:16

Health: -4/24      AC:  3    Str: 15    XL:     1   Next: 30%
Magic:  1/1        EV:  6    Int: 11    God:
Gold:   16         SH:  7    Dex: 10    Spells: 0/0 levels left

rFire    + . .     SeeInvis .   a - +0 mace
rCold    . . .     Faith    .   j - +1 kite shield {rF+}
rNeg     . . .     Spirit   .   b - +0 robe
rPois    .         Reflect  .   (helmet restricted)
rElec    .         Harm     .   (no cloak)
rCorr    .         Rampage  .   (gloves unavailable)
Will     .....                  (boots unavailable)
Stlth    ++........             (no amulet)
HPRegen  0.08/turn              (no ring)
MPRegen  0.07/turn              (no ring)

@: brilliant, hasted, very quick
A: large, unfitting armour, tough skin 1
a: no special abilities


You were on level 6 of the Dungeon.
You visited 1 branch of the dungeon, and saw 2 of its levels.

You collected 16 gold pieces.

Inventory:

Hand Weapons
 a - a +0 mace (weapon)
Armour
 b - a +0 robe (worn)
 j - a +1 kite shield of fire resistance (worn)
Wands
 g - a wand of digging (3)
Scrolls
 c - a scroll of fog
 d - a scroll of magic mapping
 e - a scroll of fear
 h - a scroll of teleportation {unknown}
Potions
 i - a potion of brilliance


   Skills:
 - Level 4.0 Fighting
 - Level 2.0 Maces & Flails
 - Level 1.7 Dodging
 - Level 3.7 Stealth
 + Level 0.0 Shields


You couldn't memorise any spells.
You didn't know any spells.
Your spell library was empty.

Dungeon Overview and Level Annotations

Branches:
Dungeon (6/15)
 Temple: D:4-7

Altars:

Shops:
D:5 !


Innate Abilities, Weirdness & Mutations

You are too large for most types of armour.
You have tough skin. (AC +1)


Message History

* * * LOW HITPOINT WARNING * * *
You feel yourself speed up. You block the hound's attack.
It was a potion of brilliance.
You feel clever all of a sudden. The hound bites you.
* * * LOW HITPOINT WARNING * * *
Things that are here:
a +0 falchion; an orc corpse The hound stops to sniff the ground.
There is a stone staircase leading down here.
The hound completely misses you.
You climb downwards.
Found 14 stones.
There is a stone staircase leading up here.
You closely miss the hound. The hound barely misses you.
You closely miss the hound. The hound bites you but does no damage.
You block the hound's attack.
You sock the hound!
The hound is heavily wounded.
The hound bites you.
* * * LOW HITPOINT WARNING * * *
You block the hound's attack.
You barely miss the hound.
The hound is heavily wounded.
The hound bites you but does no damage.
You hit the hound.
The hound is heavily wounded.
The hound barely misses you. You block the hound's attack.
You barely miss the hound.
The hound is heavily wounded.
You block the hound's attack.
You hit the hound.
The hound is almost dead.
The hound bites you.
* * * LOW HITPOINT WARNING * * *
You block the hound's attack.
You hit the hound.
The hound is almost dead.
The hound bites you.
You die...

#.....# ..
##.....# ..#
......##..#
#........
#.....(.
#.....#
...##.....##..#
......h@......#
..............#
..............#
#####...#######
#...# .....
...... ##.....


You could see a hound.

Vanquished Creatures
  An orc (D:5)
1 creature vanquished.

Notes
Turn   | Place    | Note
-------+----------+-------------------------------------------
     0 | D:5      | SnakkuSnakku7 the Ogre Delver began the quest for the Orb.
     0 | D:5      | Reached XP level 1. HP: 24/24 MP: 1/1
    37 | D:5      | Noticed an iguana
    75 | D:5      | Noticed a hound
   136 | D:5      | Noticed a hound
   171 | D:6      | HP: 1/24 [hound (1)]
   172 | D:6      | Slain by a hound

Illustrated notes

Levels and vault maps discovered:
D:5:      layout_basic, minmay_temple_entry_overgrown, serial_glass,
          glass_columns_c, glass_columns_a, serial_shops, nicolae_diamond_shop
D:6:      layout_gridville

Skill      XL: |  1 |
---------------+----+-----
Maces & Flails | 2 |  2.0
Fighting       | |  4.0
Dodging        | |  1.7
Stealth        | |  3.7

Action                   || total
-------------------------++-------
Melee: Mace              ||    13
  Use: Potion            ||     2
Armor: Robe              ||     3
Dodge: Dodged            ||     6
Block: Kite shield       ||     9
